 Dungeon Crawl Stone Soup version 0.25.1-8-g42b30a86e7 (webtiles) character file.

Game seed: 13487289304802146095

195 hawla the Conjurer (level 5, -1/38 HPs)
             Began as a Draconian Conjurer on Dec 10, 2020.
             Killed by divine providence
             ... invoked by an orc priest
              (13 damage)
             ... on level 3 of the Dungeon.
             The game lasted 00:07:13 (3034 turns).

hawla the Conjurer (Draconian Conjurer)             Turns: 3034, Time: 00:07:14

Health: -1/38      AC:  5    Str: 10    XL:     5   Next: 45%
Magic:  1/10       EV: 12    Int: 17    God:
Gold:   124        SH:  0    Dex: 11    Spells: 4/11 levels left

rFire    + . .     SeeInvis .   l - staff of fire (curse)
rCold    . . .     Gourm    .   (no shield)
rNeg     . . .     Faith    .   (armour unavailable)
rPois    .         Spirit   .   (helmet restricted)
rElec    .         Reflect  .   (no cloak)
rCorr    .         Harm     .   (no gloves)
MR       .....                  (no boots)
Stlth    ++........             (no amulet)
HPRegen  0.12/turn              (no ring)
MPRegen  0.12/turn              (no ring)

@: about to teleport, slowed, very slow
A: unfitting armour, cold-blooded, AC +5
a: no special abilities


You were on level 3 of the Dungeon.
You were not hungry.

You visited 1 branch of the dungeon, and saw 3 of its levels.

You collected 124 gold pieces.

Inventory:

Missiles
 k - 21 poisoned darts (quivered)
Magical Staves
 l - a cursed staff of fire (weapon)
Scrolls
 i - 2 scrolls of enchant weapon {unknown}
Potions
 a - a potion of brilliance
 c - 2 potions of magic {unknown}
 d - 2 potions of curing {unknown}
 e - a potion of haste {unknown}
 f - a potion of degeneration {unknown}
 g - a potion of flight {unknown}
Comestibles
 b - 5 rations
 j - 3 chunks of flesh


   Skills:
 - Level 1.7 Dodging
 - Level 1.7 Stealth
 - Level 3.6 Spellcasting
 + Level 5.2 Conjurations
 + Level 2.3 Translocations


You had 4 spell levels left.
You knew the following spells:

 Your Spells              Type           Power        Failure   Level  Hunger
a - Magic Dart            Conj           ###.         1%          1    None
b - Searing Ray           Conj           ###...       3%          2    ##.....
c - Iskenderun's Mystic   Conj/Tloc      ###.....     34%         4    ####...

Your spell library contained the following spells:

 Spells                   Type           Power        Failure   Level  Hunger
 Dazzling Flash           Conj/Hex       ##....       17%         3    ###....
 Fulminant Prism          Conj/Hex       ##........   50%         4    ####...


Dungeon Overview and Level Annotations

Branches:
Dungeon (3/15)

Altars:
Cheibriados


Innate Abilities, Weirdness & Mutations

Your plain brown scales are hard. (AC +5)
You cannot fit into any form of body armour.
You are cold-blooded and may be slowed by cold attacks.


Message History

Your surroundings suddenly seem different.
Found 28 stones.
A jackal comes into view.
The jackal barks!
A jackal comes into view.
An orc comes into view. It is wielding a +0 trident.
Found a lumpy ruby potion.
The orc throws a boomerang.
The boomerang hits you.
* * * LOW HITPOINT WARNING * * *
The weapon returns to the orc!
The orc throws a boomerang.
The boomerang misses you.
The weapon returns to the orc!
An orc priest comes into view. It is wielding a +0 hand axe.
The jackal misses you.
Found a papyrus book.
The jackal bites you but does no damage.
As you read the scroll of teleportation, it crumbles to dust.
You feel strangely unstable. The jackal barely misses you.
The orc priest calls down the wrath of Beogh upon you.
Beogh smites you!
You die...

#. .. .. #. #h ..
#.# #: #.#
##.####.####
##....♣⌠♣...##
##......♣.....##
#.!...@h..h....#
####.
...♣..........♣..#
..... ♣..........♣
..# .....
................ .
.###.
......≈≈≈≈≈≈.oo...
.#
.....≈≈####o≈.....o
.# .....≈#
##≈oo.... .# ♣....≈
≈...o.♣ .#


You could see an orc warrior (wandering), 2 orc priests, an orc wizard (fast),
an orc and 2 jackals.

Vanquished Creatures
  An ogre (D:2)
  Robin (D:3)
  An adder (D:3)
  An ooze (D:2)
  4 dart slugs
  2 leopard geckos
  6 giant cockroaches
  11 goblins
  12 hobgoblins
  2 jackals (D:2)
  9 kobolds
  2 quokkas (D:2)
  5 bats (D:2)
  4 frilled lizards
  5 rats
66 creatures vanquished.

Notes
Turn   | Place    | Note
-------+----------+-------------------------------------------
     0 | D:1      | hawla the Draconian Conjurer began the quest for the Orb.
     0 | D:1      | Reached XP level 1. HP: 14/14 MP: 3/3
   147 | D:1      | Reached XP level 2. HP: 18/20 MP: 0/5
   151 | D:1      | Learned a level 2 spell: Searing Ray
   920 | D:1      | You fall into a shaft and drop 1 floor!
  1172 | D:2      | Found a snail-covered altar of Cheibriados.
  1182 | D:2      | Reached XP level 3. HP: 26/26 MP: 5/7
  1324 | D:2      | Noticed Robin
  1538 | D:3      | Killed Robin
  1588 | D:3      | Reached XP level 4. HP: 16/33 MP: 4/9
  1771 | D:2      | Learned a level 4 spell: Iskenderun's Mystic Blast
  2168 | D:2      | Noticed an ogre
  2174 | D:2      | Killed an ogre
  2174 | D:2      | Reached skill level 5 in Conjurations
  2174 | D:2      | Reached XP level 5. HP: 15/38 MP: 2/10
  2545 | D:2      | Found a faded altar of an unknown god.
  3025 | D:3      | Noticed an orc warrior
  3034 | D:3      | Killed from afar by an orc priest

Illustrated notes

Levels and vault maps discovered:
D:1:      elethiomel_arrival_maze, layout_basic
D:2:      layout_basic, cheibriados_altar_1, chequers_ecumenical_altar_twisty,
          hangedman_decor_growths, minmay_fountain_box, uniq_robin
D:3:      layout_loops_ring, kennysheep_decorative_pillar

Skill      XL: |  1  2  3  4 |
---------------+-------------+-----
Spellcasting   | 3 |  3.6
Conjurations   | 5 |  5.2
Translocations | 2 |  2.3
Dodging        | |  1.7
Stealth        | |  1.7

Action                   |  1- 3 |  4- 6 || total
-------------------------+-------+-------++-------
Melee: Unarmed           |     8 |       ||     8
       Tailslap          |     1 |       ||     1
       Staff             |       |     2 ||     2
 Cast: Magic Dart        |    43 |    33 ||    76
       Searing Ray       |    11 |    17 ||    28
  Use: Scroll            |     3 |     2 ||     5
  Eat: Chunk             |     3 |     5 ||     8
Armor: Skin              |     7 |     8 ||    15
Dodge: Dodged            |    26 |    12 ||    38
